 Dungeon Crawl Stone Soup version 0.31-a0-222-gefeffbb62a (webtiles) character file.

Game seed: 16889593662933220715

56 qw the Shooter (level 3, 0/29 HPs)
             Began as a Minotaur Hexslinger on July 4, 2023.
             Slain by Terence
             ... wielding a +0 hand axe
              (6 damage)
             ... on level 2 of the Dungeon.
             The game lasted 00:00:39 (1351 turns).

qw the Shooter (Minotaur Hexslinger)                Turns: 1351, Time: 00:00:40

Health: 0/29       AC:  5    Str: 12    XL:     3   Next: 69%
Magic:  3/3        EV: 11    Int: 10    God:
Gold:   86         SH:  0    Dex: 14    Spells: 3/4 levels left

rFire   . . .        Y - +1 sling
rCold   . . .        (no shield)
rNeg    . . .        a - +0 ring mail
rPois   .            (helmet restricted)
rElec   .            (no cloak)
rCorr   .            (no gloves)
SInv    .            (no boots)
Will    .....        (no amulet)
Stlth   +            (no ring)
HPRegen 0.24/turn    (no ring)
MPRegen 0.08/turn

%: no passive effects
@: no status effects
A: horns 2, retaliatory headbutt
a: no special abilities


You were on level 2 of the Dungeon.
You visited 1 branch of the dungeon, and saw 2 of its levels.

You collected 86 gold pieces.


Innate Abilities, Weirdness & Mutations

You have a pair of horns on your head.
You reflexively headbutt those who attack you in melee.


   Skills:
 - Level 2.0 Fighting
 - Level 4.2 Ranged Weapons
 + Level 0.2 Armour
 - Level 2.1 Dodging
 - Level 1.0 Spellcasting
 - Level 2.0 Hexes


You had 3 spell levels left.
You knew the following spells:

 Your Spells              Type           Power      Damage    Failure   Level
a - Slow                  Hex            16%        N/A       34%         1

Your spell library contained the following spells:

 Spells                   Type           Power      Damage    Failure   Level
 Inner Flame              Hex/Fire       2%         N/A       83%         3
 Portal Projectile        Hex/Tloc       4%         N/A       83%         3
 Cause Fear               Hex            2%         N/A       98%         4

Inventory:

Hand Weapons
 Y - a +1 sling (weapon)
Armour
 a - a +0 ring mail (worn)
Potions
 d - a potion of heal wounds {unknown}
 e - a potion of might {unknown}
 g - a potion of mutation {unknown}

Dungeon Overview and Level Annotations

Branches:
Dungeon (2/15)

Altars:

Shops:
D:2 (

Annotations:
D:2 Terence


Message History

You shoot a sling bullet.
The sling bullet completely misses Terence.
Terence hits you with a +0 hand axe.
You shoot a sling bullet. The sling bullet hits Terence.
Terence is moderately wounded.
Terence hits you with a +0 hand axe.
You shoot a sling bullet.
The sling bullet hits Terence but does no damage.
Terence is moderately wounded.
Terence closely misses you. Terence hits you with a +0 hand axe.
You shoot a sling bullet. The sling bullet barely misses Terence.
Terence misses you.
You shoot a sling bullet.
The sling bullet hits Terence but does no damage.
Terence is moderately wounded.
Terence hits you but does no damage.
You shoot a sling bullet.
The sling bullet hits Terence but does no damage.
Terence is moderately wounded.
Terence barely misses you. Terence closely misses you. You furiously retaliate!
You headbutt Terence! You shoot a sling bullet.
The sling bullet hits Terence but does no damage.
Terence is severely wounded.
Terence hits you with a +0 hand axe.
You shoot a sling bullet.
The sling bullet hits Terence but does no damage.
Terence is severely wounded.
Terence says, "Time to say good-bye..."
Terence barely misses you.
You shoot a sling bullet.
The sling bullet hits Terence but does no damage.
Terence is severely wounded.
Terence barely misses you. You furiously retaliate!
You headbutt Terence. You shoot a sling bullet.
The sling bullet hits Terence but does no damage.
Terence is severely wounded.
Terence bares his teeth.
Terence closely misses you. Terence hits you with a +0 hand axe.
You die...

.... ~.~P~...###### ....
...............##### ##..###
.........###....... #.....#
.........##<....... .g##.#
.................. #%##.#
.#................ #.##.####
###.................
###.##....####...@.......#.).....
......g........#@######..###..###
.##.######(####..####>...# #.##
#.# #.####.###...#..# #.# ....#
#...##.##..###.## #.# .#..#
###..#.##.##...# #.# .##.#
##...##.##.### #.# ##..####
###...##.#..######.## ##.....#
#...#..#.#.#........# .../.#.#
##.####.....#........#


You could see Terence.

Vanquished Creatures
  An adder (D:2)
  A dart slug (D:1)
  5 endoplasms
  3 giant cockroaches (D:1)
  3 goblins
  7 hobgoblins
  5 kobolds
  A quokka (D:2)
  4 ball pythons
  4 bats (D:1)
  2 frilled lizards (D:2)
  5 rats
41 creatures vanquished.

Notes
Turn   | Place    | Note
-------+----------+-------------------------------------------
     0 | D:1      | qw the Minotaur Hexslinger began the quest for the Orb.
     0 | D:1      | Reached XP level 1. HP: 16/16 MP: 1/1
     0 | D:1      | 0 ||| qw: Version: 0.3-a-46-gb1f654a
     0 | D:1      | 0 ||| qw: Game counter: 941
     0 | D:1      | 0 ||| qw: Melee chars always use a shield: true
     0 | D:1      | 0 ||| qw: God list: Okawaru
     0 | D:1      | 0 ||| qw: Allow faded altars: false
     0 | D:1      | 0 ||| qw: Do Orc after clearing Dungeon:15 true
     0 | D:1      | 0 ||| qw: Do second Lair branch before Depths: true
     0 | D:1      | 0 ||| qw: Lair rune preference: random
     0 | D:1      | 0 ||| qw: Goals: Normal
     0 | D:1      | 0 ||| PLANNING D:1-11
    52 | D:1      | 52 ||| FLEEEEING.
    53 | D:1      | 53 ||| FLEEEEING.
    54 | D:1      | 54 ||| FLEEEEING.
    55 | D:1      | 55 ||| FLEEEEING.
    56 | D:1      | 56 ||| FLEEEEING.
    57 | D:1      | 57 ||| FLEEEEING.
    58 | D:1      | 58 ||| FLEEEEING.
    59 | D:1      | 59 ||| FLEEEEING.
    60 | D:1      | 60 ||| FLEEEEING.
    61 | D:1      | 61 ||| FLEEEEING.
    62 | D:1      | 62 ||| FLEEEEING.
    63 | D:1      | 63 ||| FLEEEEING.
    64 | D:1      | 64 ||| FLEEEEING.
    65 | D:1      | 65 ||| FLEEEEING.
    66 | D:1      | 66 ||| FLEEEEING.
    67 | D:1      | 67 ||| FLEEEEING.
    68 | D:1      | 68 ||| FLEEEEING.
    69 | D:1      | 69 ||| FLEEEEING.
    70 | D:1      | 70 ||| FLEEEEING.
    71 | D:1      | 71 ||| FLEEEEING.
    72 | D:1      | 72 ||| FLEEEEING.
    75 | D:1      | Reached skill level 3 in Ranged Weapons
   160 | D:1      | Reached XP level 2. HP: 23/23 MP: 2/2
   650 | D:1      | Reached XP level 3. HP: 26/26 MP: 3/3
   768 | D:1      | 768 ||| READING scroll labelled FUZAIM XODGHIE.
   772 | D:1      | 772 ||| READING scroll labelled GAWETI CARESSASCH.
   773 | D:1      | 773 ||| READING 2 scrolls labelled FUJAUWKUBLA.
   774 | D:1      | 774 ||| DROPPING scroll of poison.
   775 | D:1      | 775 ||| DROPPING scroll of blinking.
   939 | D:2      | Found Ejaoruwn's Antique Weapon Boutique.
   947 | D:2      | 947 ||| SHOPLISTING encrusted orcbow (238 gold, have 51).
  1198 | D:2      | Reached skill level 4 in Ranged Weapons
  1200 | D:2      | 1200 ||| FLEEEEING.
  1201 | D:2      | 1201 ||| FLEEEEING.
  1202 | D:2      | 1202 ||| FLEEEEING.
  1206 | D:2      | 1206 ||| FLEEEEING.
  1207 | D:2      | 1207 ||| FLEEEEING.
  1208 | D:2      | 1208 ||| FLEEEEING.
  1211 | D:2      | 1211 ||| FLEEEEING.
  1212 | D:2      | 1212 ||| FLEEEEING.
  1213 | D:2      | 1213 ||| FLEEEEING.
  1214 | D:2      | 1214 ||| FLEEEEING.
  1215 | D:2      | 1215 ||| FLEEEEING.
  1216 | D:2      | 1216 ||| FLEEEEING.
  1217 | D:2      | 1217 ||| FLEEEEING.
  1218 | D:2      | 1218 ||| FLEEEEING.
  1219 | D:2      | 1219 ||| FLEEEEING.
  1220 | D:2      | 1220 ||| FLEEEEING.
  1221 | D:2      | 1221 ||| FLEEEEING.
  1222 | D:2      | 1222 ||| STAIRDANCE
  1287 | D:1      | 1287 ||| UPGRADING to +0 ring mail.
  1297 | D:1      | 1297 ||| DROPPING +0 robe.
  1298 | D:1      | 1298 ||| READING scroll labelled NIJIQU REVOL.
  1326 | D:2      | Noticed Terence
  1344 | D:2      | HP: 7/29 [Terence/+0 hand axe (1)]
  1351 | D:2      | Slain by Terence

Levels and vault maps discovered:
D:1:      lightli_iron_boxes, layout_basic
D:2:      layout_rooms, shapermc_ecumenical_altar_mp_highgroup, serial_shops,
          shop, chequers_big_river, hangedman_glass_teeth, minmay_tromino_i4,
          uniq_terence

Skill      XL: |  1  2  3 |
---------------+----------+-----
Ranged Weapons | 3 4 |  4.2
Fighting       | 2 |  2.0
Armour         | |  0.2
Dodging        | |  2.1
Spellcasting   | |  1.0
Hexes          | |  2.0

Action                     || total
---------------------------++-------
   Fire: Sling             ||   127
    Use: Scroll            ||     4
 Armour: Robe              ||     3
         Ring mail         ||     3
  Dodge: Dodged            ||    33

Table legend:
 A = Non-vault XP
 B = Vault XP
 C = Vault XP percentage of total XP
 D = Non-vault monster count
 E = Vault monster count
 F = Vault count percentage of total count
                 A         B        C        D         E       F
            +---------+---------+-------+---------+---------+-------
      Total |      78 |       2 |   2.5 |      40 |       1 |   2.4
            +---------+---------+-------+---------+---------+-------
        D:1 |      43 |       0 |   0.0 |      25 |       0 |   0.0
        D:2 |      35 |       2 |   5.4 |      15 |       1 |   6.2
            +---------+---------+-------+---------+---------+-------
